Map: Acropolis LE

Players

SortOf - Winner!

  • Race: Zerg Zerg
  • Spawn Location: 11:00

SKillous

  • Race: Protoss Protoss
  • Spawn Location: 5:00

VOD

Have the link to the VOD?

Description

Time

  • Played on: Sept. 6, 2019, 5:14 p.m.
  • Length: 10:53
Show
View Real Time Build Order
Export as new Build Order

SortOf Zerg - Winner!

Build Orders: Hatch First 

Get SALT Encoding   

  12  0:00  Drone  
  13  0:12  Overlord  
  13  0:16  Drone  
  14  0:30  Drone x2  
  16  0:47  Drone  
  17  0:54  Drone, Hatchery  
  17  0:58  Drone  
  18  1:07  Drone  
  18  1:09  Extractor  
  18  1:17  Spawning Pool  
  17  1:20  Drone  
  18  1:28  Drone  
  19  1:40  Drone  
  20  1:50  Overlord  
  20  2:03  Queen  
  20  2:06  Zergling x4, Queen  
  26  2:11  Drone  
  26  2:15  Metabolic Boost  
  27  2:17  Drone  
  28  2:23  Drone  
  29  2:35  Hatchery  
  28  2:43  Drone  
  30  2:44  Zergling x2  
  30  2:46  Overlord  
  30  2:51  Drone x2  
  30  2:57  Queen  
  34  3:00  Zergling x2  
  34  3:02  Zergling x2  
  34  3:05  Drone  
  36  3:09  Spore Crawler  
  36  3:12  Spore Crawler  
  34  3:14  Drone  
  34  3:17  Drone  
  35  3:23  Overlord  
  35  3:26  Overlord  
  37  3:38  Overlord  
  37  3:41  Queen  
  39  3:42  Drone  
  39  3:43  Drone  
  39  3:48  Drone x2  
  43  3:49  Lair  
  43  4:01  Roach Warren  
  40  4:04  Drone x2  
  40  4:06  Drone x2  
  40  4:08  Drone x2  
  46  4:12  Drone x2  
  46  4:16  Drone  
  49  4:18  Drone x2  
  49  4:21  Drone  
  52  4:24  Overlord  
  52  4:28  Spore Crawler  
  52  4:30  Drone x2  
  52  4:31  Drone  
  54  4:34  Zergling x6  
  54  4:35  Zergling x2  
  54  4:38  Zergling x4  
  61  4:44  Roach x2  
  65  4:47  Overlord  
  65  4:50  Zergling x8  
  65  4:51  Extractor  
  67  4:54  Extractor  
  67  4:55  Drone x3  
  67  4:57  Roach  
  71  5:01  Overlord  
  71  5:04  Overlord  
  71  5:05  Drone  
  71  5:06  Drone x2  
  74  5:09  Overlord  
  74  5:11  Roach  
  76  5:16  Overlord  
  74  5:25  Drone x8  
  74  5:26  Glial Reconstitution  
  82  5:34  Roach x4  
  84  5:40  Drone x2  
  84  5:42  Drone  
  84  5:45  Drone  
  81  5:50  Drone  
  81  5:53  Drone x4  
  82  5:57  Extractor, Drone x3  
  82  6:02  Drone  
  84  6:04  Zergling x2  
  84  6:05  Zergling x2, Overseer  
  84  6:08  Zergling x2  
  87  6:16  Zergling x4, Queen  
  91  6:23  Drone  
  91  6:24  Overlord  
  91  6:25  Drone  
  91  6:26  Queen x2  
  93  6:33  Drone x7  
  99  6:40  Spore Crawler  
  99  6:42  Spore Crawler, Drone  
  99  6:43  Drone  
  99  6:44  Spore Crawler  
  98  6:51  Nydus Network  
  98  6:53  Queen  
  99  6:55  Roach x4  
  99  6:59  Spore Crawler  
  106  7:07  Overlord  
  106  7:08  Overlord  
  106  7:10  Overlord  
  106  7:17  Overlord  
  106  7:22  Overlord  
  104  7:24  Queen  
  104  7:28  Roach  
  104  7:30  Roach  
  104  7:31  Roach x6  
  104  7:32  Roach x3  
  104  7:34  Overlord, Roach  
  122  7:39  Nydus Canal  
  122  7:40  Roach x4  
  122  7:45  Roach x2  
  122  7:47  Overseer  
  122  7:51  Queen x2  
  126  7:52  Roach  
  126  7:54  Roach  
  126  7:55  Roach  
  126  7:57  Nydus Canal  
  134  7:58  Roach  
  134  8:01  Roach  
  136  8:08  Roach  
  136  8:12  Queen  
  136  8:17  Roach x6  
  140  8:23  Ravager x2  
  140  8:24  Zergling x10  
  140  8:26  Queen  
  145  8:28  Infestation Pit, Drone  
  145  8:29  Extractor  
  145  8:34  Drone  
  143  8:36  Nydus Canal  
  143  8:38  Roach  
  137  8:42  Roach  
  135  8:49  Spire  
  135  8:50  Roach  
  128  9:01  Queen  
  117  9:11  Pathogen Glands  
  117  9:14  Hatchery, Queen  
  117  9:16  Extractor  
  117  9:17  Overlord  
  111  9:23  Overlord  
  89  9:32  Spore Crawler, Queen  
  89  9:33  Spore Crawler  
  89  9:34  Spore Crawler  
  89  9:35  Drone x2  
  89  9:36  Spore Crawler, Drone x2  
  89  9:37  Queen  
  89  9:38  Spore Crawler  
  84  9:40  Infestor x4  
  84  9:51  Infestor  
  84  9:52  Zergling x4  
  88  9:53  Zergling x16  
  88  9:59  Infestor  
  91  10:00  Queen  
  91  10:02  Spore Crawler  
  91  10:06  Overseer  
  92  10:07  Queen  
Show
View Real Time Build Order
Export as new Build Order

SKillous Protoss 

Build Orders: 1 Gate Expand 

Get SALT Encoding   

  12  0:00  Probe  
  13  0:12  Probe  
  14  0:20  Pylon  
  14  0:25  Probe  
  15  0:34  Probe  
  15  0:42  Probe  
  16  0:43  Gateway  
  17  0:52  Probe  
  17  0:54  Assimilator  
  18  1:04  Probe  
  19  1:16  Probe  
  20  1:27  Nexus  
  20  1:37  Cybernetics Core  
  20  1:41  Probe  
  21  1:47  Assimilator  
  21  1:53  Probe  
  22  1:56  Pylon  
  22  2:04  Adept  
  22  2:05  Probe  
  23  2:13  Warp Gate  
  25  2:17  Probe  
  25  2:21  Twilight Council  
  26  2:24  Stalker  
  26  2:29  Probe  
  27  2:35  Probe  
  29  2:41  Probe  
  29  2:43  Probe  
  32  2:53  Probe x2  
  32  2:57  Resonating Glaives  
  34  3:05  Probe  
  35  3:06  Adept  
  35  3:07  Gateway  
  35  3:09  Probe  
  38  3:17  Probe  
  38  3:18  Probe  
  39  3:24  Gateway  
  39  3:26  Probe  
  38  3:29  Probe  
  38  3:31  Pylon  
  40  3:35  Probe  
  40  3:37  Adept  
  43  3:41  Probe  
  43  3:42  Assimilator  
  43  3:43  Probe  
  43  3:44  Assimilator  
  45  3:51  Probe  
  45  3:53  Probe  
  47  4:00  Shield Battery  
  47  4:02  Probe  
  45  4:04  Adept  
  45  4:06  Probe  
  49  4:14  Probe  
  49  4:15  Adept  
  52  4:22  Pylon  
  52  4:23  Adept  
  54  4:27  Stargate  
  54  4:28  Stargate  
  54  4:33  Pylon  
  54  4:40  Probe x2, Adept  
  54  4:41  Adept  
  54  4:44  Adept  
  62  4:52  Probe  
  64  5:01  Stalker x2  
  64  5:02  Phoenix  
  69  5:17  Pylon  
  69  5:24  Probe  
  70  5:31  Phoenix  
  70  5:35  Phoenix, Nexus  
  70  5:38  Pylon  
  72  5:43  Probe  
  72  5:48  Phoenix  
  65  5:51  Phoenix  
  65  5:52  Probe  
  65  5:53  Adept  
  65  5:54  Adept x2  
  65  5:55  Probe  
  73  6:03  Stargate  
  73  6:04  Probe  
  73  6:07  Protoss Air Weapons Level 1  
  73  6:08  Probe  
  75  6:12  Pylon, Phoenix  
  75  6:13  Assimilator  
  75  6:15  Phoenix, Assimilator  
  75  6:16  Probe  
  80  6:19  Adept  
  80  6:20  Probe  
  83  6:28  Probe  
  83  6:29  Phoenix  
  83  6:32  Probe  
  83  6:40  Probe  
  83  6:41  Phoenix  
  83  6:43  Phoenix  
  83  6:44  Probe  
  85  6:52  Probe  
  86  6:54  Probe  
  86  6:56  Probe  
  88  7:01  Fleet Beacon  
  88  7:04  Pylon  
  88  7:05  Probe, Adept  
  88  7:06  Probe  
  88  7:08  Probe  
  93  7:09  Adept x2  
  93  7:13  Phoenix  
  97  7:17  Probe  
  97  7:18  Probe, Phoenix  
  97  7:20  Phoenix, Probe  
  102  7:25  Adept  
  102  7:29  Probe  
  99  7:30  Probe  
  99  7:37  Probe, Carrier  
  99  7:41  Probe  
  99  7:44  Forge  
  99  7:45  Pylon  
  99  7:47  Carrier  
  99  7:50  Zealot x2  
  109  7:55  Adept  
  111  8:07  Phoenix  
  105  8:16  Probe x2  
  105  8:17  Probe, Sentry x2  
  105  8:18  Stalker  
  96  8:28  Probe, Void Ray  
  97  8:37  Void Ray  
  89  8:50  Zealot  
  89  8:51  Zealot  
  92  8:58  Probe  
  92  9:00  Probe  
  71  9:10  Probe  
  71  9:13  Probe  
  62  9:22  Probe  
  60  9:25  Probe  
  60  9:30  Probe  
  50  9:37  Probe  
  49  9:39  Probe  
  50  9:49  Probe  
  50  9:50  Probe  
  52  10:01  Probe  
  52  10:02  Probe  
  54  10:13  Probe  
  54  10:14  Probe  
  45  10:36  Adept x2  
Tags
 
Add a new tag
Caveats
  • Supply blocks, unpowered buildings, or Contaminate may cause inaccurate times.
  • Supply counts are checked every 10 seconds.